 Dungeon Crawl Stone Soup version 0.29-a0-284-gf9362112df (webtiles) character file.

Game seed: 14931758546211579075

4981 Ajdolov the Fighter (level 10, -2/80 HPs)
             Began as a Djinni Earth Elementalist on Mar 15, 2022.
             Was an Initiate of Ashenzari.
             Slain by an acid dragon (3 damage)
             ... on level 8 of the Dungeon.
             The game lasted 00:15:25 (11645 turns).

Ajdolov the Fighter (Djinni Earth Elementalist)    Turns: 11645, Time: 00:15:26

Health: -2/80      AC:  3    Str: 10    XL:     10   Next: 83%
Gold:   450        EV: 15    Int: 26    God:    Ashenzari [......] SH:  8 Dex: 14

rFire   + + .      SeeInvis .   v - +4 dagger "Morg" {pain, Will+ Int+5}
rCold   x . .      Faith    .   u - +2 buckler of Ashenzari's Ethics {Evo, Self} (curse)
rNeg    + . .      Spirit   .   e - +2 leather armour {Will+}
rPois   ∞          Reflect  .   j - +0 helmet
rElec   .          Harm     .   (no cloak)
rCorr   +          Rampage  .   i - +0 pair of gloves
Will    +++..                   (boots unavailable)
Stlth   ++........              (no amulet)
HPRegen 0.23/turn               G - +4 ring of evasion
MPRegen 0.00/turn               L - ring of Divine Intervention {rPois rN+ rCorr Str+3}

@: corroded, flying
A: sickness immunity, fire resistance 2, cold vulnerability 1, float, innate
caster, HP casting, extra vitality 1
a: Renounce Religion, Curse Item, Shatter the Chains


You were on level 8 of the Dungeon.
You worshipped Ashenzari.
Ashenzari was noncommittal.
You visited 2 branches of the dungeon, and saw 11 of its levels.
You also visited: Bailey.

You collected 450 gold pieces.

Inventory:

Hand Weapons
 v - the +4 dagger "Morg" (weapon) {pain, Will+ Int+5}
   (You found it on level 3 of the Dungeon)

   In the hands of one skilled in necromantic magic, it inflicts extra damage on
   living creatures.
   Your inability to study Necromancy prevents you from drawing on the full
   power of this weapon.
   Int:       It affects your intelligence (+5).
   Will:      It increases your willpower.
 J - the +1 dagger of the Owl {vorpal, rN+ Str+3 Int+7 Dex-2}
   (You found it in a bailey)

   It inflicts extra damage upon your enemies.
   Str:       It affects your strength (+3).
   Int:       It affects your intelligence (+7).
   Dex:       It affects your dexterity (-2).
   rN:        It protects you from negative energy.
Missiles
 a - 194 stones
 x - 3 throwing nets
Armour
 e - a +2 leather armour of willpower (worn)
 i - a +0 pair of gloves (worn)
 j - a +0 helmet (worn)
 u - the cursed +2 buckler of Ashenzari's Ethics (worn) {Evo, Self}
   (You found it on level 3 of the Dungeon)

   It has a curse which improves the following skills: Evocations: Evocations.
   Introspection: Fighting and Spellcasting.
 K - the +1 robe "Yluric" {Will+ Str+4 Int+7}
   (You found it in a bailey)

   Str:       It affects your strength (+4).
   Int:       It affects your intelligence (+7).
   Will:      It increases your willpower.
Jewellery
 G - a +4 ring of evasion (left hand)
 L - the ring of Divine Intervention (right hand) {rPois rN+ rCorr Str+3}
   (You found it in a bailey)

   [ring of positive energy]

   Str:       It affects your strength (+3).
   rPois:     It protects you from poison.
   rN:        It protects you from negative energy.
   rCorr:     It protects you from acid and corrosion.
Wands
 b - a wand of acid (6)
 t - a wand of flame (36)
 I - a wand of charming (10)
Scrolls
 c - 10 scrolls of identify {unknown}
 g - 4 scrolls of enchant weapon {unknown}
 h - a scroll of summoning {unknown}
 n - 2 scrolls of noise {unknown}
 o - a scroll of magic mapping {unknown}
 q - 4 scrolls of fear {unknown}
 s - 6 scrolls of teleportation {unknown}
 w - 4 scrolls of vulnerability {unknown}
 y - a scroll of blinking {unknown}
 A - 4 scrolls of fog {unknown}
 B - a scroll of brand weapon {unknown}
 C - a scroll of amnesia {unknown}
 E - 2 scrolls of acquirement {unknown}
Potions
 d - 2 potions of brilliance {unknown}
 f - a potion of lignification {unknown}
 k - 4 potions of might {unknown}
 l - 2 potions of flight {unknown}
 m - a potion of berserk rage {unknown}
 p - 4 potions of curing {unknown}
 r - 3 potions of heal wounds {unknown}
 z - a potion of haste {unknown}
 D - 2 potions of attraction {unknown}
 F - 2 potions of magic {unknown}
 H - 3 potions of mutation {unknown}


   Skills:
 * Level 9.6(10.0) Fighting
 - Level 2.1 Dodging
 - Level 1.5 Stealth
 + Level 7.6 Shields
 - Level 7.3(7.8) Spellcasting


You had 5 spell levels left.
You knew the following spells:

 Your Spells              Type           Power      Damage    Failure   Level
a - Sandblast             Erth           100%       2d20      1%          1
b - Passwall              Tmut/Erth      41%        N/A       1%          2
c - Stone Arrow           Conj/Erth      100%       3d13      1%          3
d - Petrify               Tmut/Erth      50%        N/A       3%          4
e - Sting                 Tmut/Pois      100%       1d8       1%          1
f - Blink                 Tloc           100%       N/A       1%          2
g - Ensorcelled Hibernat  Hex/Ice        100%       N/A       1%          2
h - Cause Fear            Hex            25%        N/A       3%          4
Your spell library was empty.

Dungeon Overview and Level Annotations

Branches:
Dungeon (10/15)            Temple (1/1) D:6            Lair (0/6) D:9
 Bailey (visited)
    Orc: D:9-12

Altars:
Ashenzari
Cheibriados
Dithmenos
Fedhas
Gozag
Hepliaklqana
Kikubaaqudgha
Makhleb
Nemelex Xobeh
Okawaru
Qazlal
Ru
Trog
Uskayaw
Vehumet
Wu Jian
Zin
The Shining One

Shops:
D:5 (

Annotations:
D:5 1 runed translucent door, Crazy Yiuf
D:10 DEFE's ghost, journeyman OpBr


Innate Abilities, Weirdness & Mutations

You are immune to sickness and miasma.
You are immune to poison.
Your flesh is very heat resistant. (rF++)
You are vulnerable to cold. (rC-)
You float through the air rather than walking.
You learn spells naturally, not from books.
Your magical power is your life essence.
You have superior vitality. (+4 MHP)


Message History

The bullfrog hits you.
Your magical contamination has completely faded away.
The stone arrow misses the bullfrog.
The bullfrog closely misses you.
The stone arrow hits the bullfrog!
The bullfrog is severely wounded.
The bullfrog hits you. You block the bullfrog's attack.
You are too injured to fight recklessly!
You are too injured to fight recklessly!
Aiming: Stone Arrow (safe; 1% risk of failure)
Press: ? - help, Q - select action, (/) - cycle Shift-Dir - straight line, f/p - bullfrog
Aim: a bullfrog (severely wounded, 72% to hit)
The stone arrow misses the bullfrog.
The bullfrog hits you!
Unknown command.
Aiming: Stone Arrow (safe; 1% risk of failure)
Press: ? - help, Q - select action, (/) - cycle Shift-Dir - straight line, f/p - bullfrog
Aim: a bullfrog (severely wounded, 72% to hit)
The stone arrow hits the bullfrog!!
You kill the bullfrog!
* * * LOW HITPOINT WARNING * * *
The acid dragon spits acid at you. The splash of acid hits you. You resist.
* * * LOW HITPOINT WARNING * * *
The acid corrodes you!
Aiming: Stone Arrow (safe; 1% risk of failure)
Press: ? - help, Q - select action, (/) - cycle Shift-Dir - straight line, f - acid dragon
Aim: an acid dragon (catching its breath, 78% to hit)
The stone arrow hits the acid dragon!
The acid dragon is heavily wounded.
* * * LOW HITPOINT WARNING * * *
Aiming: Stone Arrow (safe; 1% risk of failure)
Press: ? - help, Q - select action, (/) - cycle Shift-Dir - straight line, f/p - acid dragon
Aim: an acid dragon (heavily wounded, catching its breath, 78% to hit)
The stone arrow hits the acid dragon!
The acid dragon is almost dead.
* * * LOW HITPOINT WARNING * * *
The acid dragon bites you!
* * * LOW HITPOINT WARNING * * *
The acid dragon claws you.
You die...

### #.# # ## ##.# #. .##
##.## ###.. #.# ##.##
....n# ##.#####.## ......#
###...##..##
.......###@..##....## #####
........nD#####.....###...#
#.......### #.......###..
###.....# #..#..#### ##.
##....# #.####.# ## #....#
#.# #.### #### #..... ..#
#...###... ...... ..
##........ .....##
########.


You could see an acid dragon (catching breath) and a necrophage.

Vanquished Creatures
  Joseph (D:7)
  A gargoyle (Bailey)
  A shadow (D:9)
  Eustachio (D:6)
  2 wyverns (D:8)
  A vampire (Bailey)
  Menkaure (D:5)
  A steam dragon (D:7)
  Duvessa (D:7)
  2 water moccasins (D:6)
  An orc warrior (D:8)
  2 ice beasts
  A black bear (D:5)
  3 centaurs
  A phantom (D:4)
  A kobold brigand (D:6)
  3 bullfrogs
  3 scorpions
  2 water moccasin zombies (D:4)
  Dowan (D:7)
  7 vampire bats (Bailey)
  6 wolf zombies (Bailey)
  2 howler monkeys
  3 bullfrog zombies (D:4)
  2 orc priests
  A hound (D:6)
  3 jellies
  3 gnoll shamans
  7 iguanas
  3 scorpion zombies (D:4)
  4 orc wizards
  3 hound zombies (D:4)
  A howler monkey zombie (D:4)
  Robin (D:2)
  14 gnolls
  9 adders
  A shadow imp (D:6)
  4 adder zombies (D:4)
  3 adder skeletons (D:4)
  2 dart slugs
  16 orcs
  11 ball pythons
  3 endoplasms
  2 giant cockroaches
  13 goblins
  8 hobgoblins
  3 quokkas (D:3)
  7 bats
  3 frilled lizards
  A jackal skeleton (D:4)
  3 kobolds
  22 orc zombies (Bailey)
  A quokka zombie (D:4)
  8 rats
210 creatures vanquished.

Vanquished Creatures (others)
  A fungus (D:5)
  9 withered plants
10 creatures vanquished.

Grand Total: 220 creatures vanquished

Notes
Turn   | Place    | Note
-------+----------+-------------------------------------------
     0 | D:1      | Ajdolov the Djinni Earth Elementalist began the quest for
                  | the Orb.
     0 | D:1      | Reached XP level 1. HP: 15/15 MP: 0/0
   428 | D:1      | Reached XP level 2. HP: 20/21 MP: 0/0
  1341 | D:2      | Found a faded altar of an unknown god.
  1539 | D:2      | Reached XP level 3. HP: 25/25 MP: 0/0
  1539 | D:2      | Learned a level 1 spell: Sting
  1610 | D:2      | Found a hazy altar of Hepliaklqana.
  1792 | D:2      | Noticed Robin
  1799 | D:2      | Killed Robin
  2125 | D:2      | Reached XP level 4. HP: 27/31 MP: 0/0
  2724 | D:3      | Found the +4 dagger "Morg" {pain, Will+ Int+5}
  3585 | D:4      | Reached XP level 5. HP: 32/35 MP: 0/0
  3585 | D:4      | Learned a level 2 spell: Blink
  3740 | D:4      | Reached XP level 6. HP: 24/40 MP: 0/0
  3784 | D:4      | Reached skill level 5 in Spellcasting
  4159 | D:4      | Reached XP level 7. HP: 33/45 MP: 0/0
  4159 | D:4      | Learned a level 2 spell: Ensorcelled Hibernation
  5676 | D:5      | Entered Level 5 of the Dungeon
  5722 | D:5      | Reached XP level 8. HP: 34/50 MP: 0/0
  5724 | D:5      | Noticed Menkaure
  5749 | D:5      | Killed Menkaure
  6083 | D:5      | Found Hirenuwab's Antique Weapon Shoppe.
  6187 | D:5      | Reached skill level 1 in Fighting
  6187 | D:5      | Reached skill level 1 in Shields
  6486 | D:5      | Reached skill level 2 in Fighting
  6902 | D:5      | Found a runed translucent door.
  6903 | D:5      | Noticed Crazy Yiuf
  6975 | D:5      | Reached skill level 3 in Fighting
  6998 | D:5      | Found a sparkling altar of Nemelex Xobeh.
  7468 | D:6      | Noticed Eustachio
  7472 | D:6      | Reached XP level 9. HP: 52/61 MP: 0/0
  7472 | D:6      | Learned a level 4 spell: Cause Fear
  7474 | D:6      | Killed Eustachio
  7475 | D:6      | Reached skill level 4 in Fighting
  7624 | D:6      | Found a staircase to the Ecumenical Temple.
  7645 | Temple   | Entered the Ecumenical Temple
  7781 | Temple   | Became a worshipper of Ashenzari the Shackled
  7977 | D:6      | Reached skill level 5 in Fighting
  7977 | D:6      | Reached skill level 5 in Shields
  8368 | D:6      | Found an opulent altar of Gozag.
  8580 | D:7      | Reached skill level 6 in Fighting
  8681 | D:7      | Noticed Duvessa
  8682 | D:7      | Noticed Dowan
  8686 | D:7      | Killed Duvessa
  8689 | D:7      | Killed Dowan
  8702 | D:7      | Noticed Joseph
  8712 | D:7      | Killed Joseph
  8713 | D:7      | Reached skill level 7 in Fighting
  8713 | D:7      | Reached XP level 10. HP: 26/75 MP: 0/0
  9384 | D:7      | Identified the +2 leather armour of the Everdark {rF+}
  9474 | D:7      | Found a sacrificial altar of Ru.
  9733 | D:8      | You are sucked into a shaft and drop 2 floors!
  9733 | D:10     | Entered Level 10 of the Dungeon
  9738 | D:10     | Noticed DEFE's ghost (journeyman OpBr)
  9827 | D:9      | Found a staircase to the Lair.
  9838 | D:9      | Reached skill level 8 in Fighting
 10004 | D:8      | Found a flagged portal.
 10012 | Bailey   | Entered a bailey
 10519 | Bailey   | Noticed a gargoyle
 10717 | Bailey   | Identified the +1 robe "Yluric" {Will+ Str+4 Int+7}
 10719 | Bailey   | Identified the +1 dagger of the Owl {vorpal, rN+ Str+3
                  | Int+7 Dex-2}
 11217 | Bailey   | Killed a gargoyle
 11218 | Bailey   | Reached skill level 9 in Fighting
 11261 | Bailey   | Identified the ring of Divine Intervention {rPois rN+ rCorr
                  | Str+3}
 11645 | D:8      | HP: 1/80 [acid dragon (12)]
 11645 | D:8      | Slain by an acid dragon

Illustrated notes

Levels and vault maps discovered:
D:1:      sevenhm_arrival_forest_fort_large_1, layout_rooms,
          serial_corexii_hall, corexii_hall_statues_deadend,
          chequers_hall_statues_corner_a, corexii_hall_statues_x
D:2:      layout_loops_ring, ebering_ecumenical_altar_petrified, basic_altar,
          uniq_robin
D:3:      layout_loops_corners
D:4:      layout_gridville, serial_undead, serial_undead_d, serial_undead_c,
          serial_undead_c, serial_undead_b, serial_undead_f, serial_undead_a,
          serial_undead_d, serial_undead_b, serial_undead_c, serial_undead_e
D:5:      layout_loops_ring, nemelex_diamond_rough_becter, serial_shops, shop,
          dk_vineyard_3, hangedman_abyss_or_decor_stabs,
          uniq_crazy_yiuf_cottage, uniq_menkaure
D:6:      layout_cave_pools, kennysheep_mini, minmay_temple_entry_arrows,
          uniq_eustachio
D:7:      layout_loops_ring, nicolae_ru_great_annihilating_truth, uniq_joseph,
          uniq_duvessa
D:8:      layout_layer_cave, enter_bailey_2
D:9:      layout_roguey, gammafunk_temple_overflow_claw, lair_entry_dummy,
          minmay_puff
D:10:     layout_irregular_city, kennysheep_orc_monster_closet_entryway,
          gammafunk_ghost_hive, corexii_checkpoint_b, nzn_sisyphean_effort,
          uniq_amaemon
Temple:   nicolae_temple_elliptical

Skill      XL: |  1  2  3  4  5  6  7  8  9 10 |
---------------+-------------------------------+-----
Spellcasting   | 3 4 5 6 7 |  7.3
Fighting       | 3 7 9 |  9.6
Shields        | 3 6 7 |  7.6
Dodging        | |  2.1
Stealth        | |  1.5

Action                   |  1- 3 |  4- 6 |  7- 9 | 10-12 || total
-------------------------+-------+-------+-------+-------++-------
Melee: Unarmed           |    19 |       |       |       ||    19
       Dagger            |    52 |    70 |    10 |       ||   132
       Spear             |    49 |    26 |       |       ||    75
       Punch             |     3 |     1 |       |       ||     4
 Cast: Sandblast         |    24 |    37 |    19 |       ||    80
       Stone Arrow       |       |       |   126 |   109 ||   235
Invok: Curse Item        |       |       |       |     1 ||     1
 Stab: Sleeping          |     3 |     5 |     1 |       ||     9
Armor: Robe              |    59 |    10 |       |       ||    69
       Leather armour    |       |    22 |    22 |     9 ||    53
Dodge: Dodged            |   110 |    62 |    42 |    45 ||   259
Block: Buckler           |       |       |     2 |    19 ||    21

Table legend: (Time is in decaauts)
 A = Elapsed time spent in this place.
 B = Non-inter-level travel time spent in this place.
 C = Inter-level travel time spent in this place.
 D = Time resting spent in this place.
 E = Time spent auto-exploring this place.
 F = Levels seen in this place.
 G = Mean time per level.
                   A        B        C        D        E       F      G
               +--------+--------+--------+--------+--------+-----+--------+
         Total |  11652 |  11341 |    311 |   2552 |   7279 |  12 |  971.0 |
       Dungeon |  10181 |   9891 |    290 |   2236 |   6309 |  10 | 1018.1 |
        Temple |    158 |    137 |     21 |      0 |    122 |   1 |  158.0 |
        Bailey |   1312 |   1312 |      0 |    316 |    848 |   1 | 1312.0 |
               +--------+--------+--------+--------+--------+-----+--------+

Top non-repeatable levels by time:
     D:4: 2472 daAuts
     D:5: 1445 daAuts
     D:1: 1327 daAuts
  Bailey: 1312 daAuts
     D:3: 1181 daAuts
     D:7: 1167 daAuts
     D:2: 1049 daAuts
     D:6: 927 daAuts
     D:8: 358 daAuts
  Temple: 158 daAuts
     D:9: 157 daAuts
    D:10: 93 daAuts
